 Dungeon Crawl Stone Soup version 0.31.0-9-g3a7656b989 (webtiles) character file.

Game seed: 3343585944851389810

79 qw the Shooter (level 4, 0/22 HPs)
             Began as a Spriggan Hunter on Feb 2, 2024.
             Slain by an orc
             ... wielding a +0 flail
              (7 damage)
             ... on level 3 of the Dungeon.
             The game lasted 00:00:04 (1349 turns).

qw the Shooter (Spriggan Hunter)                    Turns: 1349, Time: 00:00:05

Health: 0/22       AC:  2    Str:  7    XL:     4   Next: 17%
Magic:  5/5        EV: 19    Int: 10    God:
Gold:   148        SH:  0    Dex: 20    Spells: 3/3 levels left

rFire   . . .        a - +0 shortbow
rCold   . . .        (shield currently unavailable)
rNeg    . . .        c - +0 robe
rPois   .            (helmet restricted)
rElec   .            (no cloak)
rCorr   .            (gloves unavailable)
SInv    +            (boots unavailable)
Will    .....        (no amulet)
Stlth   ++           (no ring)
HPRegen 0.23/turn    (no ring)
MPRegen 0.09/turn

%: no passive effects
@: very quick
A: very small, no large weapons, unfitting armour, see invisible, speed 3
a: no special abilities


You were on level 3 of the Dungeon.
You visited 1 branch of the dungeon, and saw 3 of its levels.

You collected 148 gold pieces.


Innate Abilities, Weirdness & Mutations

You are very small and have problems with some larger weapons.
You are too small for most types of armour.
You have supernaturally acute eyesight. (SInv)
You cover ground extremely quickly. (Speed+++)


   Skills:
 - Level 1.5 Fighting
 - Level 5.1 Ranged Weapons
 + Level 4.2 Dodging
 - Level 1.5 Stealth


You had 3 spell levels left.
You didn't know any spells.
Your spell library was empty.

Inventory:

Hand Weapons
 a - a +0 shortbow (weapon)
Armour
 c - a +0 robe (worn)
Scrolls
 b - 2 scrolls of identify
Potions
 d - a potion of haste
 e - 2 potions of curing

Dungeon Overview and Level Annotations

Branches:
Dungeon (3/15)

Altars:


Message History

a +0 trident; a +2 buckler; an orc corpse
Found a robe.
You now have 148 gold pieces (gained 17).
Found a stone staircase leading up.
You see here a +0 robe.
Found a stone staircase leading down.
Found 6 stones.
Found 3 stones.
There is a stone staircase leading down here.
An orc comes into view. It is wielding a +0 morningstar.
Found a scroll of identify.
You shoot an arrow.
The arrow hits the orc but does no damage.
The orc shouts!
You hear a shout! x3
An orc comes into view. It is wielding a +0 club.
You shoot an arrow. The arrow completely misses the orc.
An orc comes into view. It is wielding a +0 hand axe.
You shoot an arrow. The arrow hits the orc!
You kill the orc!
You hear a shout!
An orc comes into view. It is wielding a +0 hand axe.
An orc comes into view. It is wielding a +0 flail.
You shoot an arrow. The arrow hits the orc.
The orc is almost dead.
You shoot an arrow. The arrow barely misses the orc.
The arrow hits the orc!
The orc is almost dead.
You shoot an arrow. The arrow closely misses the orc.
The arrow barely misses the orc.
The orc hits you but does no damage. x2
You shoot an arrow. The arrow barely misses the orc. x2
The orc hits you with a +0 hand axe.
You shoot an arrow. The arrow barely misses the orc.
The orc misses you. The orc hits you with a +0 hand axe.
The orc closely misses you.
You shoot an arrow.
The arrow hits the orc but does no damage.
The orc is almost dead.
The orc hits you with a +0 hand axe. The orc hits you with a +0 flail!
You die...

#.#.......###. ###
#(######[#.... ...
#.#......#.### ....
#.##.#####.# .....
#.#......#.# !...#
#.######.#.#
####?)#####........#.#
.(....oo##..########.#
.....oo@>............#
........###########
?.......# ........#
......### ..$...
###..# ##.


You could see 4 orcs.

Vanquished Creatures
  An orc wizard (D:3)
  A dart slug (D:1)
  A ribbon worm (D:3)
  4 orcs (D:3)
  4 bats (D:1)
  2 endoplasms (D:1)
  3 giant cockroaches
  5 goblins
  3 hobgoblins (D:1)
  4 jackals
  5 kobolds (D:1)
  2 quokkas (D:1)
  2 ball pythons (D:1)
  3 frilled lizards
  A rat (D:1)
41 creatures vanquished.

Notes
Turn   | Place    | Note
-------+----------+-------------------------------------------
     0 | D:1      | qw the Spriggan Hunter began the quest for the Orb.
     0 | D:1      | Reached XP level 1. HP: 10/10 MP: 2/2
     0 | D:1      | 0 ||| qw: Version: 0.3-a-155-g5e7d8dd
     0 | D:1      | 0 ||| qw: Game counter: 2174
     0 | D:1      | 0 ||| qw: Melee chars always use a shield: true
     0 | D:1      | 0 ||| qw: God list: Okawaru
     0 | D:1      | 0 ||| qw: Allow faded altars: false
     0 | D:1      | 0 ||| qw: Do Orc after clearing Dungeon:15 true
     0 | D:1      | 0 ||| qw: Do second Lair branch before Depths: true
     0 | D:1      | 0 ||| qw: Lair rune preference: random
     0 | D:1      | 0 ||| qw: Goals: Normal
     0 | D:1      | 0 ||| PLANNING D:1-11
    19 | D:1      | Reached skill level 3 in Dodging
    64 | D:1      | Reached XP level 2. HP: 14/14 MP: 3/3
   122 | D:1      | Found a faded altar of an unknown god.
   354 | D:1      | Reached XP level 3. HP: 18/18 MP: 4/4
   765 | D:1      | 765 ||| READING scroll labelled GIADOUMPEI.
   765 | D:1      | 765 ||| IDENTIFYING puce potion
   766 | D:1      | 766 ||| READING scroll labelled VIRYNA GOHELO.
   767 | D:1      | 767 ||| READING scroll labelled DUWOGUVURUU.
   768 | D:1      | 768 ||| READING scroll labelled GYT QULISMEUN.
   772 | D:1      | 772 ||| DROPPING scroll of butterflies.
  1145 | D:2      | 1145 ||| READING 3 scrolls of identify.
  1145 | D:2      | 1145 ||| IDENTIFYING sapphire potion
  1232 | D:3      | Reached skill level 5 in Ranged Weapons
  1232 | D:3      | Reached XP level 4. HP: 22/22 MP: 5/5
  1349 | D:3      | Slain by an orc

Levels and vault maps discovered:
D:1:      psy_arrival_heroes, layout_basic, chequers_ecumenical_altar_simple,
          minmay_distorted
D:2:      layout_rooms
D:3:      layout_basic, pdpol_wu_jian_five_deadly_venoms, uniq_grinder

Skill      XL: |  1  2  3 |
---------------+----------+-----
Dodging        | 3 4 |  4.2
Ranged Weapons | 5 |  5.1
Fighting       | |  1.5
Stealth        | |  1.5

Action                     |  1- 3 |  4- 6 || total
---------------------------+-------+-------++-------
   Fire: Shortbow          |   137 |    15 ||   152
    Use: Scroll            |     5 |       ||     5
 Armour: Robe              |    23 |     8 ||    31
  Dodge: Dodged            |   100 |     2 ||   102

Table legend:
 A = Non-vault XP
 B = Vault XP
 C = Vault XP percentage of total XP
 D = Non-vault monster count
 E = Vault monster count
 F = Vault count percentage of total count
                 A         B        C        D         E       F
            +---------+---------+-------+---------+---------+-------
      Total |     113 |       1 |   0.9 |      40 |       1 |   2.4
            +---------+---------+-------+---------+---------+-------
        D:1 |      53 |       1 |   1.9 |      29 |       1 |   3.3
        D:2 |       9 |       0 |   0.0 |       5 |       0 |   0.0
        D:3 |      51 |       0 |   0.0 |       6 |       0 |   0.0
            +---------+---------+-------+---------+---------+-------
